 Dungeon Crawl Stone Soup version 0.25-a0-166-g16436c4407 (console) character file.

Game seed: 2303066870982356490, levelgen mode: deterministic

1027 Kagalorn the Archer (level 8, 0/61 HPs)
             Began as a Centaur Hunter on Nov 23, 2019.
             Killed by divine providence
             ... invoked by an orc priest
              (13 damage)
             ... on level 6 of the Dungeon.
             The game lasted 00:11:37 (5532 turns).

Kagalorn the Archer (Centaur Hunter)                Turns: 5532, Time: 00:11:38

Health: 0/61       AC:  9    Str: 18    XL:     8   Next: 3%
Magic:  8/8        EV:  7    Int: 10    God:
Gold:   285        SH:  0    Dex:  9    Spells: 7/7 levels left

rFire    . . .     SeeInvis .   F - +1 hand axe (elec)
rCold    . . .     Gourm    .   (no shield)
rNeg     . . .     Faith    .   g - +0 scale mail
rPois    .         Spirit   .   x - +2 helmet
rElec    .         Reflect  .   t - scarf {cloud immunity}
rCorr    .         Harm     .   (no gloves)
MR       .....                  (no barding)
Stlth    ..........             (no amulet)
HPRegen  0.20/turn              (no ring)
MPRegen  0.11/turn              (no ring)

@: very quick
A: large, hooves 3, deformed body, speed 2, tough skin 3
a: no special abilities


You were on level 6 of the Dungeon.
You were not hungry.

You visited 1 branch of the dungeon, and saw 6 of its levels.

You collected 285 gold pieces.

Inventory:

Hand Weapons
 a - a +1 shortbow
 b - a +0 short sword
 D - a +1 rapier of speed
 F - a +1 hand axe of electrocution (weapon)
Missiles
 d - 42 arrows
 l - 36 poisoned darts (quivered)
 y - 3 silver javelins
Armour
 g - a +0 scale mail (worn)
 t - a scarf of cloud immunity (worn)
 x - a +2 helmet (worn)
 A - a +0 cloak
Jewellery
 u - a +2 ring of intelligence {unknown}
 C - an uncursed ring of fire {unknown}
Wands
 v - a wand of acid (10)
Scrolls
 e - a scroll of fog {unknown}
 m - 8 scrolls of identify {unknown}
 n - 4 scrolls of remove curse {unknown}
 r - 2 scrolls of immolation {unknown}
 s - 2 scrolls of teleportation {unknown}
 w - a scroll of magic mapping {unknown}
 B - a scroll of amnesia {unknown}
 G - a scroll of enchant armour {unknown}
Potions
 c - a potion of might {unknown}
 h - a potion of mutation {unknown}
 i - 3 potions of flight {unknown}
 j - 2 potions of heal wounds {unknown}
 k - a potion of degeneration {unknown}
 o - a potion of haste {unknown}
 p - a potion of brilliance {unknown}
 q - a potion of cancellation {unknown}
 z - a potion of curing {unknown}
Comestibles
 f - 8 rations
 E - 2 chunks of flesh


   Skills:
 - Level 2.0 Fighting
 + Level 12.8 Bows
 - Level 1.3 Dodging
 - Level 0.4 Stealth


You had 7 spell levels left.
You didn't know any spells.
Your spell library contained the following spells:

 Spells                   Type           Power        Failure   Level  Hunger
 Magic Dart               Conj           #...         78%         1    ##.....
 Blink                    Tloc           N/A          89%         2    ###....
 Call Imp                 Summ           #.......     89%         2    ###....
 Slow                     Hex            #.......     89%         2    ###....
 Conjure Flame            Conj/Fire      #.......     98%         3    ####...
 Mephitic Cloud           Conj/Pois/Air  #.......     98%         3    ####...


Dungeon Overview and Level Annotations

Branches:
Dungeon (6/15)             Temple (0/1) D:5

Altars:
Makhleb
Ru
Wu Jian

Annotations:
D:5 2 transporters, Burgietje's ghost, novice GrFi


Innate Abilities, Weirdness & Mutations

You have hooves in place of feet.
Armour fits poorly on your strangely shaped body.
You cover ground very quickly.
You have extremely tough skin. (AC +3)


Message History

The orc priest invokes the aid of Beogh against you.
Beogh smites you!
The orc priest looks satisfied for a moment.
You closely miss the orc priest.
You kick the orc priest, but do no damage.
The orc priest is severely wounded.
The orc priest invokes the aid of Beogh against you.
Pain shoots through your body!
You hit the orc priest but do no damage.
Your kick misses the orc priest.
The orc priest is severely wounded.
The orc priest invokes the aid of Beogh against you.
Beogh smites you!
* * * LOW HITPOINT WARNING * * *
The orc priest looks braver for a moment.
Things that are here:
a +0 flail; a +0 leather armour; an orc corpse The orc priest mumbles some strange prayers to Beogh against you.
Beogh smites you!
You die...

###..............'.........+.....
...######.#...####.........##.#..
#### #.##.## ##.......###....
#.#### ##.....## ##.#. #.#
##...## #.). ##'## ###. #.# #.
##########.###### #.
#...@...#........# #.
#o#####.#...####.# #÷
#.###)#####......###.###)
#..)o....##.#...........<
#####.##.##÷#..#.###.####
#.......#...... ####.........###
#######.### .#


You could see an orc priest.

Vanquished Creatures
  Menkaure (D:4)
  An orc warrior (D:6)
  An ice beast (D:5)
  An ogre (D:6)
  A centaur (D:6)
  2 howler monkeys (D:4)
  A crimson imp (D:6)
  2 orc priests
  4 orc wizards
  A bullfrog skeleton (D:5)
  A centaur skeleton (D:5)
  An iguana (D:6)
  A worker ant (D:5)
  2 hound skeletons
  4 adders
  A shadow imp (D:4)
  An ooze (D:3)
  An adder zombie (D:5)
  4 worms
  4 dart slugs
  3 leopard geckos
  9 orcs
  3 giant cockroaches
  8 goblins
  9 hobgoblins
  8 jackals
  A ball python (D:1)
  7 bats
  3 frilled lizards
  A jackal skeleton (D:5)
  2 jackal zombies (D:5)
  8 kobolds
  7 rats
104 creatures vanquished.

Vanquished Creatures (others)
  6 plants (D:5)
6 creatures vanquished.

Grand Total: 110 creatures vanquished

Notes
Turn   | Place    | Note
-------+----------+-------------------------------------------
     0 | D:1      | Kagalorn the Centaur Hunter began the quest for the Orb.
     0 | D:1      | Reached XP level 1. HP: 17/17 MP: 1/1
   160 | D:1      | Reached XP level 2. HP: 19/24 MP: 2/2
   194 | D:1      | Reached skill level 6 in Bows
   554 | D:1      | Reached XP level 3. HP: 29/29 MP: 3/3
   943 | D:2      | Reached skill level 7 in Bows
  2224 | D:3      | Reached XP level 4. HP: 34/36 MP: 4/4
  2231 | D:3      | Found a sacrificial altar of Ru.
  2268 | D:3      | Reached skill level 8 in Bows
  2337 | D:3      | Reached XP level 5. HP: 27/41 MP: 5/5
  3044 | D:4      | Reached skill level 9 in Bows
  3171 | D:4      | Found a burning altar of Makhleb.
  3393 | D:4      | Found an ornate altar of the Wu Jian Council.
  3466 | D:4      | Reached XP level 6. HP: 33/48 MP: 6/6
  3521 | D:4      | Noticed Menkaure
  3528 | D:4      | Killed Menkaure
  3528 | D:4      | Reached skill level 10 in Bows
  3875 | D:5      | Entered Level 5 of the Dungeon
  3888 | D:5      | Found a transporter.
  3891 | D:5      | Identified the cursed +1 scale mail "Equbleinn" {Str+5}
  4110 | D:5      | Found a transporter.
  4129 | D:5      | Noticed Burgietje's ghost (novice GrFi)
  4143 | D:5      | Found a staircase to the Ecumenical Temple.
  4544 | D:5      | Noticed an ice beast
  4579 | D:5      | Killed an ice beast
  4579 | D:5      | Reached skill level 11 in Bows
  4579 | D:5      | Reached XP level 7. HP: 53/55 MP: 7/7
  5129 | D:6      | Reached skill level 12 in Bows
  5524 | D:6      | Reached XP level 8. HP: 46/61 MP: 8/8
  5532 | D:6      | Killed from afar by an orc priest

Levels and vault maps discovered:
D:1:      tarquinn_simple_flora_water_a, layout_basic
D:2:      layout_basic
D:3:      kennysheep_big_flooded_room, layout_rooms, overflow_temple_1_default,
          first_ration
D:4:      layout_basic, lemuel_crystal_altar, lemuel_doored_altar, uniq_menkaure
D:5:      layout_loops_corners, minmay_temple_entry_stoned_glass,
          gammafunk_ghost_gnarly_gnolls
D:6:      layout_loops_corners, overflow_temple_1_default, marbit_many_paths,
          serial_shops, shop, bh_chokoban

Skill      XL: |  1  2  3  4  5  6  7 |
---------------+----------------------+-----
Bows           | 6 7 8 9 11 12 | 12.8
Fighting       | |  2.0
Dodging        | |  1.3
Stealth        | |  0.4

Action                   |  1- 3 |  4- 6 |  7- 9 || total
-------------------------+-------+-------+-------++-------
Melee: Short sword       |   118 |   198 |    73 ||   389
       Kick              |    22 |    46 |    24 ||    92
       Hand axe          |       |       |    27 ||    27
 Fire: Shortbow          |    20 |    15 |     5 ||    40
Throw: Dart              |       |     2 |       ||     2
  Eat: Ration            |     1 |     1 |       ||     2
       Chunk             |       |     1 |     4 ||     5
Armor: Leather armour    |    11 |       |       ||    11
       Scale mail        |    50 |   101 |    55 ||   206
Dodge: Dodged            |    52 |    69 |    25 ||   146

Table legend:
 A = Non-vault XP
 B = Vault XP
 C = Vault XP percentage of total XP
 D = Non-vault monster count
 E = Vault monster count
 F = Vault count percentage of total count
                 A         B        C        D         E       F
            +---------+---------+-------+---------+---------+-------
      Total |    1281 |     187 |  12.7 |     101 |       3 |   2.9
            +---------+---------+-------+---------+---------+-------
        D:1 |      51 |       0 |   0.0 |      30 |       0 |   0.0
        D:2 |      43 |       0 |   0.0 |      12 |       0 |   0.0
        D:3 |     134 |      15 |  10.1 |      23 |       2 |   8.0
        D:4 |     163 |     172 |  51.3 |       9 |       1 |  10.0
        D:5 |     358 |       0 |   0.0 |      18 |       0 |   0.0
        D:6 |     532 |       0 |   0.0 |       9 |       0 |   0.0
            +---------+---------+-------+---------+---------+-------
